 Dungeon Crawl Stone Soup version 0.29-a0-563-g64e4043184 (webtiles) character file.

Game seed: 1245133321056945428

505 mandarbmax the Archer (level 7, 0/78 HPs)
             Began as a Meteoran Arcane Marksman on June 12, 2022.
             Was an Initiate of Ashenzari.
             Slain by an orc
             ... wielding a +0 flail
              (3 damage)
             ... on level 5 of the Dungeon.
             The game lasted 00:13:13 (1921 turns).

mandarbmax the Archer (Meteoran Arcane Marksman)    Turns: 1921, Time: 00:13:14

Health: 0/78       AC:  2    Str: 11    XL:     7   Next: 69%
Magic:  10/10      EV: 14    Int: 11    God:    Ashenzari [......]
Gold:   78         SH:  0    Dex: 24    Spells: 3/8 levels left

rFire   + . .      SeeInvis .   l - +6 longbow of Guuzag {flame, rPois rN+++ Int-3 Stlth+}
rCold   + . .      Faith    .   (shield currently unavailable)
rNeg    + + +      Spirit   .   b - +0 robe
rPois   +          Reflect  .   (no helmet)
rElec   +          Harm     .   (no cloak)
rCorr   +          Rampage  .   (no gloves)
Will    .....                   (no boots)
Stlth   ..........              (no amulet)
HPRegen 0.23/turn               k - +6 ring of dexterity
MPRegen 0.12/turn               (no ring)

@: mighty, berserking, resistant, glowing, very quick
A: sense surroundings 1, otherworldly, glowing, explore regen
a: Renounce Religion


You were on level 5 of the Dungeon.
You worshipped Ashenzari.
Ashenzari was noncommittal.
You visited 2 branches of the dungeon, and saw 6 of its levels.

You collected 217 gold pieces.
You spent 139 gold pieces at shops.

Inventory:

Hand Weapons
 a - a +0 shortbow
 l - the +6 longbow of Guuzag (weapon) {flame, rPois rN+++ Int-3 Stlth+}
   (You took it off a hobgoblin on level 3 of the Dungeon)

   Any ammunition fired from it burns those it strikes, dealing additional fire
   damage.
   Int:       It affects your intelligence (-3).
   rPois:     It protects you from poison.
   rN:        It renders you almost immune to negative energy.
   Stlth:     It makes you more stealthy.
Armour
 b - a +0 robe (worn)
 u - a +0 helmet
Jewellery
 k - a +6 ring of dexterity (left hand)
 p - a ring of fire
Wands
 s - a wand of mindburst (8)
Scrolls
 c - a scroll of vulnerability
 d - a scroll of blinking {unknown}
 g - a scroll of poison
 h - a scroll of magic mapping {unknown}
 m - 2 scrolls of enchant weapon {unknown}
 n - 2 scrolls of fog {unknown}
 o - a scroll of amnesia {unknown}
 q - a scroll of identify {unknown}
 r - a scroll of noise {unknown}
 t - a scroll of teleportation {unknown}
Potions
 e - a potion of might


   Skills:
 - Level 1.1 Fighting
 + Level 8.0 Bows
 - Level 3.0 Dodging
 - Level 1.3 Spellcasting
 - Level 4.0 Hexes


You had 3 spell levels left.
You knew the following spells:

 Your Spells              Type           Power      Damage    Failure   Level
a - Slow                  Hex            36%        N/A       6%          1
b - Cause Fear            Hex            4%         N/A       52%         4

Your spell library contained the following spells:

 Spells                   Type           Power      Damage    Failure   Level
 Inner Flame              Hex/Fire       5%         N/A       38%         3
 Portal Projectile        Hex/Tloc       10%        N/A       38%         3


Dungeon Overview and Level Annotations

Branches:
Dungeon (5/15)             Temple (1/1) D:5

Altars:
Ashenzari
Dithmenos
Hepliaklqana
Qazlal
Trog
Zin

Shops:
D:2 **   D:4 *


Innate Abilities, Weirdness & Mutations

You passively map a small area around you.
You are easily found by Zot.
You glow in the dark.
You regain HP and MP as you explore.


Message History

The ice beast freezes you.
* * * LOW HITPOINT WARNING * * *
Something barely misses you. The orc hits you with a +0 flail.
* * * LOW HITPOINT WARNING * * *
Okay, then.
Okay, then.
Okay, then.
You feel better. The ice beast barely misses you.
You hear some strange, mumbled words.
A puff of flame appears from out of thin air!
The puff of flame hits you!
* * * LOW HITPOINT WARNING * * *
Unknown command.
You feel better.
The ice beast hits you but does no damage.
The orc hits you but does no damage. The orc barely misses you.
Something hits you.
* * * LOW HITPOINT WARNING * * *
Unknown command.
It was a potion of resistance.
You feel protected. The ice beast barely misses you.
You hear some strange, mumbled words.
You are confused.
The orc barely misses you. The orc hits you but does no damage.
You feel better. The ice beast hits you.
* * * LOW HITPOINT WARNING * * *
The ice beast freezes you. You resist.
* * * LOW HITPOINT WARNING * * *
Something hits you.
* * * LOW HITPOINT WARNING * * *
The orc barely misses you. The orc hits you with a +0 dagger.
* * * LOW HITPOINT WARNING * * *
It was a potion of berserk rage.
A red film seems to cover your vision as you go berserk!
You feel yourself moving faster!
You feel mighty! The ice beast closely misses you. Something hits you.
* * * LOW HITPOINT WARNING * * *
The orc hits you with a +0 flail.
You die...

###.....# #...... .....≈≈≈≈≈..
.'......######....# ....≈≈≈≈≈≈≈≈≈
.#...........#....##..≈≈≈≈≈≈≈≈≈≈≈
.#######.....#.......≈≈≈≈≈≈≈≈≈≈≈≈
.# , #.....'.......≈≈≈≈≈≈...≈≈≈
.# ,#.....#....##.≈≈≈≈≈≈.>.≈≈≈ .#
#.....#....##.≈≈≈≈≈≈...≈≈≈ .# , ,
#.....#.oY{#...≈≈≈≈≈≈≈≈≈≈≈
.#*#+###.....#.o@.#.....≈≈≈≈≈≈≈≈≈
.##....#.....#....##......≈≈≈≈≈..
.......#.....#....##.............
.......#.....#.............#.....
.......# #.............+.....
.......# , #....##..##...#.....
###+##.# ,#....##..##...#####.
#....# # ##.<............# #.
#....# #...............# #.


You could see an ice beast and 2 orcs.

Vanquished Creatures
  An ice beast (D:5)
  A phantom (D:4)
  A bullfrog (D:4)
  A hound (D:5)
  2 iguanas
  Robin (D:3)
  8 adders
  A shadow imp (D:5)
  2 worms
  2 dart slugs
  3 orcs
  10 ball pythons
  4 endoplasms
  4 giant cockroaches
  13 goblins
  12 hobgoblins
  6 jackals
  5 quokkas
  3 bats
  3 frilled lizards
  5 kobolds
  3 rats
91 creatures vanquished.

Notes
Turn   | Place    | Note
-------+----------+-------------------------------------------
     0 | D:1      | mandarbmax the Meteoran Arcane Marksman began the quest for
                  | the Orb.
     0 | D:1      | Reached XP level 1. HP: 16/16 MP: 3/3
   130 | D:1      | Reached XP level 2. HP: 23/23 MP: 3/5
   363 | D:2      | Reached XP level 3. HP: 20/28 MP: 6/6
   367 | D:2      | Reached skill level 3 in Bows
   444 | D:2      | Found Kexzoib's General Store.
   454 | D:2      | Bought a scroll of poison for 49 gold pieces
   482 | D:2      | Found Saenaned's General Store.
   589 | D:2      | Reached XP level 4. HP: 35/35 MP: 7/7
   598 | D:2      | Reached skill level 4 in Bows
   744 | D:1      | Reached XP level 5. HP: 37/40 MP: 8/8
   990 | D:2      | Bought a potion of curing for 42 gold pieces
  1042 | D:3      | Learned a level 4 spell: Cause Fear
  1083 | D:3      | Identified the +6 longbow of Guuzag {flame, rPois rN+++
                  | Int-3 Stlth+}
  1088 | D:3      | Reached skill level 5 in Bows
  1111 | D:3      | Found a shadowy altar of Dithmenos.
  1250 | D:3      | Noticed Robin
  1255 | D:3      | Killed Robin
  1271 | D:3      | Reached XP level 6. HP: 42/47 MP: 9/9
  1402 | D:4      | Reached skill level 6 in Bows
  1475 | D:4      | Reached skill level 7 in Bows
  1475 | D:4      | Reached XP level 7. HP: 52/52 MP: 10/10
  1563 | D:4      | Found Iruos's Assorted Antiques.
  1571 | D:4      | Bought a scroll labelled RIMUOF GAET for 24 gold pieces
  1571 | D:4      | Bought a scroll labelled SEXYXT ZEOSYA for 24 gold pieces
  1725 | D:5      | Entered Level 5 of the Dungeon
  1774 | D:5      | Found a staircase to the Ecumenical Temple.
  1784 | Temple   | Entered the Ecumenical Temple
  1797 | Temple   | Became a worshipper of Ashenzari the Shackled
  1842 | D:5      | Found a hazy altar of Hepliaklqana.
  1904 | D:5      | Reached skill level 8 in Bows
  1920 | D:5      | HP: 2/52 [orc/+0 dagger (3)]
  1921 | D:5      | Slain by an orc

Illustrated notes

Levels and vault maps discovered:
D:1:      enne_arrival_octagon_isle, layout_loops_corners,
          hellmonk_ecumenical_altar_watching_god
D:2:      layout_loops_corners, serial_shops, shop, nicolae_shop_stone
D:3:      layout_loops_ring, mainiacjoe_overflow_catwalk, uniq_robin
D:4:      layout_basic, serial_shops, shop, kennysheep_crisscross,
          supply_closet_lemuel
D:5:      minmay_octagon_keep, layout_gridville,
          nicolae_hepliaklqana_hazy_memory, temple_pool_b
Temple:   regret_index_temple_sphere_string

Skill      XL: |  1  2  3  4  5  6  7 |
---------------+----------------------+-----
Hexes          | 4 |  4.0
Dodging        | 3 |  3.0
Bows           | 3 4 5 7 8 |  8.0
Fighting       | |  1.1
Spellcasting   | |  1.3

Action                   |  1- 3 |  4- 6 |  7- 9 || total
-------------------------+-------+-------+-------++-------
Melee: Longbow           |       |       |     3 ||     3
 Fire: Shortbow          |    89 |    94 |       ||   183
       Longbow           |       |    66 |    18 ||    84
 Cast: Slow              |    10 |     6 |       ||    16
  Use: Potion            |       |       |     6 ||     6
Armor: Robe              |    10 |    22 |     7 ||    39
Dodge: Dodged            |    29 |    76 |    19 ||   124

Table legend: (Time is in decaauts)
 A = Elapsed time spent in this place.
 B = Non-inter-level travel time spent in this place.
 C = Inter-level travel time spent in this place.
 D = Time resting spent in this place.
 E = Time spent auto-exploring this place.
 F = Levels seen in this place.
 G = Mean time per level.
                   A        B        C        D        E       F      G
               +--------+--------+--------+--------+--------+-----+--------+
         Total |   2024 |   1880 |    144 |      0 |    191 |   6 |  337.3 |
       Dungeon |   1997 |   1866 |    131 |      0 |    191 |   5 |  399.4 |
        Temple |     26 |     13 |     13 |      0 |      0 |   1 |   26.0 |
               +--------+--------+--------+--------+--------+-----+--------+

Top non-repeatable levels by time:
     D:2: 610 daAuts
     D:1: 450 daAuts
     D:3: 405 daAuts
     D:4: 353 daAuts
     D:5: 178 daAuts
  Temple: 26 daAuts
